TOP OF THE 1ST |
---|
Nantucket Orcas batting - Pitching for Nashua Redlegs : RHP Cristo Balderas | Pitching: RHP Cristo Balderas | | Batting: RHB Charlie Pérez | 0-0: Called Strike 0-1: Fly out, F9 (Flyball, 89M) | Batting: RHB Demetrio Inrouville | 0-0: Called Strike 0-1: Ball 1-1: Called Strike 1-2: Foul Ball, location: 2F 1-2: Foul Ball, location: 2F 1-2: Ground out 6-3 (Groundball, 6) | Batting: LHB Eugene Lee | 0-0: Foul Ball, location: 2F 0-1: SINGLE (Groundball, 34D) | Batting: RHB Fernando Álvarez | 0-0: Ball 1-0: Called Strike Eugene Lee steals 2nd base 1-1: Called Strike 1-2: Foul Ball, location: 2F 1-2: Strikes out swinging | Top of the 1st over - 0 runs, 1 hit, 0 errors, 1 left on base; Nantucket 0 - Nashua 0 | BOTTOM OF THE 1ST |
---|
Nashua Redlegs batting - Pitching for Nantucket Orcas : RHP Chuck Davies | Pitching: RHP Chuck Davies | | Batting: RHB Spencer Pritchett | 0-0: Ball 1-0: Ball 2-0: Foul Ball, location: 2F 2-1: Foul Ball, location: 2F 2-2: Foul Ball, location: 2F 2-2: Ball 3-2: Foul Ball, location: 2F 3-2: Fly out, F9 (Flyball, 9S) | Batting: RHB David Adams | 0-0: SINGLE (Groundball, 56D) | Batting: RHB Bob Fitzgerald | 0-0: Ball 1-0: Ball 2-0: Ball 3-0: Called Strike Passed Ball! David Adams to second 3-1: Foul Ball, location: 2F 3-2: Strikes out swinging | Batting: RHB Katsuhito Ohayashi | 0-0: Called Strike 0-1: Foul Ball, location: 2F 0-2: Ball 1-2: Ball 2-2: Strikes out swinging | Bottom of the 1st over - 0 runs, 1 hit, 0 errors, 1 left on base; Nantucket 0 - Nashua 0 | TOP OF THE 2ND |
---|
Nantucket Orcas batting - Pitching for Nashua Redlegs : RHP Cristo Balderas | Batting: RHB Ramiro Javier | 0-0: Fly out, F8 (Line Drive, 78M) | Batting: LHB Alfonso Vélez | 0-0: Swinging Strike 0-1: Swinging Strike 0-2: Strikes out swinging | Batting: SHB Brock Owens | 0-0: Foul Ball, location: 2F 0-1: Ball 1-1: Fly out, F6 (Line Drive, 56D) | Top of the 2nd over - 0 runs, 0 hits, 0 errors, 0 left on base; Nantucket 0 - Nashua 0 | BOTTOM OF THE 2ND |
---|
Nashua Redlegs batting - Pitching for Nantucket Orcas : RHP Chuck Davies | Batting: RHB Ánibal Barrios | 0-0: Called Strike 0-1: Fly out, F7 (Flyball, 7) | Batting: LHB Derrek Robinson | 0-0: Called Strike 0-1: Foul Ball, location: 2F 0-2: Ball 1-2: SINGLE (Groundball, 34D) | Batting: RHB Jorge Valenzuela | 0-0: Swinging Strike 0-1: Swinging Strike 0-2: Strikes out swinging Derrek Robinson steals 2nd base Batter strikes out. | Batting: RHB José García | 0-0: Ball 1-0: Ball Passed Ball! Derrek Robinson to third 2-0: Ball 3-0: Called Strike 3-1: Base on Balls | Batting: LHB Johão Pereirinha | 0-0: Ball 1-0: Ball 2-0: Fly out, F5 (Popup, 5F) | Bottom of the 2nd over - 0 runs, 1 hit, 0 errors, 2 left on base; Nantucket 0 - Nashua 0 | TOP OF THE 3RD |
---|
Nantucket Orcas batting - Pitching for Nashua Redlegs : RHP Cristo Balderas | Batting: RHB Scotty Hicks | 0-0: Foul Ball, location: 2F 0-1: Foul Ball, location: 2F 0-2: Ball 1-2: Strikes out swinging | Batting: RHB Luis Cruz | 0-0: Called Strike 0-1: Ground out 6-3 (Groundball, 6M) | Batting: RHB Charlie Pérez | 0-0: Ball 1-0: Ball 2-0: Foul Ball, location: 2F 2-1: Swinging Strike 2-2: Ball 3-2: Foul Ball, location: 2F 3-2: Hit by Pitch | Batting: RHB Demetrio Inrouville | 0-0: Ball 1-0: Ball 2-0: Swinging Strike 2-1: Ball 3-1: Foul Ball, location: 2F 3-2: Strikes out swinging | Top of the 3rd over - 0 runs, 0 hits, 0 errors, 1 left on base; Nantucket 0 - Nashua 0 | BOTTOM OF THE 3RD |
---|
Nashua Redlegs batting - Pitching for Nantucket Orcas : RHP Chuck Davies | Batting: RHB Spencer Pritchett | 0-0: Ball 1-0: Called Strike 1-1: Ball 2-1: Called Strike 2-2: Ball 3-2: Ground out 5-3 (Groundball, 56S) | Batting: RHB David Adams | 0-0: Swinging Strike 0-1: SINGLE (Groundball, 34D) | Batting: RHB Bob Fitzgerald | 0-0: Fly out, F8 (Flyball, 8RD) | Batting: RHB Katsuhito Ohayashi | 0-0: Called Strike 0-1: Ball 1-1: Ball 2-1: Fielders Choice at 2nd, 5-4 (Groundball, 56) | Bottom of the 3rd over - 0 runs, 1 hit, 0 errors, 1 left on base; Nantucket 0 - Nashua 0 | TOP OF THE 4TH |
---|
Nantucket Orcas batting - Pitching for Nashua Redlegs : RHP Cristo Balderas | Batting: LHB Eugene Lee | 0-0: Called Strike 0-1: Swinging Strike 0-2: Ball 1-2: Ball 2-2: Ball 3-2: Foul Ball, location: 2F 3-2: Strikes out swinging | Batting: RHB Fernando Álvarez | 0-0: Ball 1-0: Ball 2-0: Ball 3-0: Called Strike 3-1: Base on Balls | Batting: RHB Ramiro Javier | 0-0: Ball 1-0: Ball 2-0: Ball 3-0: Called Strike 3-1: Foul Ball, location: 2F 3-2: Base on Balls Fernando Álvarez to second | Batting: LHB Alfonso Vélez | 0-0: Fly out, F7 (Flyball, 7LMF) | Batting: SHB Brock Owens | 0-0: Ball 1-0: Ball 2-0: Ball 3-0: Base on Balls Fernando Álvarez to third Ramiro Javier to second | Batting: RHB Scotty Hicks | 0-0: Ball 1-0: SINGLE (Line Drive, 56D) Fernando Álvarez scores Ramiro Javier to third Brock Owens to second | Batting: RHB Luis Cruz | 0-0: Ball 1-0: Ground out 1-3 (Groundball, 15S) | Top of the 4th over - 1 run, 1 hit, 0 errors, 3 left on base; Nantucket 1 - Nashua 0 | BOTTOM OF THE 4TH |
---|
Nashua Redlegs batting - Pitching for Nantucket Orcas : RHP Chuck Davies | Batting: RHB Ánibal Barrios | 0-0: Ball 1-0: Ball 2-0: SINGLE (Flyball, 7LS) | Batting: LHB Derrek Robinson | 0-0: Called Strike 0-1: Foul Ball, location: 2F 0-2: Ball Ánibal Barrios is caught stealing 2nd base 1-2: Ball 2-2: Strikes out swinging | Batting: RHB Jorge Valenzuela | 0-0: Called Strike 0-1: Swinging Strike 0-2: Strikes out swinging | Bottom of the 4th over - 0 runs, 1 hit, 0 errors, 0 left on base; Nantucket 1 - Nashua 0 | TOP OF THE 5TH |
---|
Nantucket Orcas batting - Pitching for Nashua Redlegs : RHP Cristo Balderas | Batting: RHB Charlie Pérez | 0-0: Ball 1-0: Ball 2-0: Swinging Strike 2-1: Swinging Strike 2-2: Strikes out swinging | Batting: RHB Demetrio Inrouville | 0-0: Foul Ball, location: 2F 0-1: SINGLE (Groundball, 34D) | Batting: LHB Eugene Lee | 0-0: Called Strike 0-1: Swinging Strike 0-2: Ball 1-2: Strikes out looking | Batting: RHB Fernando Álvarez | 0-0: Ball 1-0: Fly out, F8 (Line Drive, 8LD) | Top of the 5th over - 0 runs, 1 hit, 0 errors, 1 left on base; Nantucket 1 - Nashua 0 | BOTTOM OF THE 5TH |
---|
Nashua Redlegs batting - Pitching for Nantucket Orcas : RHP Chuck Davies | Batting: RHB José García | 0-0: Ball 1-0: Ball 2-0: Fly out, F9 (Flyball, 9) | Batting: LHB Johão Pereirinha | 0-0: Called Strike 0-1: DOUBLE (Flyball, 89D) | Batting: RHB Spencer Pritchett | 0-0: Foul Ball, location: 2F 0-1: Ball Wild Pitch! Johão Pereirinha to third 1-1: SINGLE (Groundball, 6MD) Johão Pereirinha scores | Batting: RHB David Adams | 0-0: Ball Throwing error on steal attempt, E2 Spencer Pritchett to third 1-0: Fly out, F9 (Line Drive, 9) Runner from 3rd tags up, SCORES, throw made | Batting: RHB Bob Fitzgerald | 0-0: Ball 1-0: Called Strike 1-1: Ball 2-1: Foul Ball, location: 2F 2-2: Strikes out looking | Bottom of the 5th over - 2 runs, 2 hits, 1 error, 0 left on base; Nantucket 1 - Nashua 2 | TOP OF THE 6TH |
---|
Nantucket Orcas batting - Pitching for Nashua Redlegs : RHP Cristo Balderas | Batting: RHB Ramiro Javier | 0-0: Ball 1-0: Ball 2-0: Called Strike 2-1: Called Strike 2-2: Ball 3-2: Strikes out swinging | Batting: LHB Alfonso Vélez | 0-0: Ball 1-0: Foul Ball, location: 2F 1-1: Ball 2-1: Foul Ball, location: 2F 2-2: Ground out 1-3 (Groundball, 13S) | Batting: SHB Brock Owens | 0-0: Ball 1-0: Called Strike 1-1: Swinging Strike 1-2: Foul Ball, location: 2F 1-2: Strikes out swinging | Top of the 6th over - 0 runs, 0 hits, 0 errors, 0 left on base; Nantucket 1 - Nashua 2 | BOTTOM OF THE 6TH |
---|
Nashua Redlegs batting - Pitching for Nantucket Orcas : RHP Chuck Davies | Batting: RHB Katsuhito Ohayashi | 0-0: Ground out 4-3 (Groundball, 4) | Batting: RHB Ánibal Barrios | 0-0: Called Strike 0-1: Called Strike 0-2: Ball 1-2: Strikes out swinging | Batting: LHB Derrek Robinson | 0-0: Ball 1-0: Fly out, F4 (Line Drive, 4) | Bottom of the 6th over - 0 runs, 0 hits, 0 errors, 0 left on base; Nantucket 1 - Nashua 2 | TOP OF THE 7TH |
---|
Nantucket Orcas batting - Pitching for Nashua Redlegs : RHP Cristo Balderas | Pitching: RHP Mike Green | | Now at SS: John Newman | | Batting: RHB Scotty Hicks | 0-0: Called Strike 0-1: Ball 1-1: Called Strike 1-2: Foul Ball, location: 2F 1-2: Foul Ball, location: 2F 1-2: Ball 2-2: Ball 3-2: Foul Ball, location: 2F 3-2: Ground out 4-3 (Groundball, 4) | Batting: RHB Luis Cruz | 0-0: Ground out 6-3 (Groundball, 6) | Batting: RHB Charlie Pérez | 0-0: Ball 1-0: Foul Ball, location: 2F 1-1: Called Strike 1-2: Ball 2-2: Strikes out looking | Top of the 7th over - 0 runs, 0 hits, 0 errors, 0 left on base; Nantucket 1 - Nashua 2 | BOTTOM OF THE 7TH |
---|
Nashua Redlegs batting - Pitching for Nantucket Orcas : RHP Chuck Davies | Pitching: RHP Bo Wagner | | Batting: RHB Jorge Valenzuela | 0-0: Ball 1-0: Foul Ball, location: 2F 1-1: Called Strike 1-2: Fly out, F8 (Flyball, 8LS) | Batting: RHB José García | 0-0: Foul Ball, location: 2F 0-1: Ball 1-1: Ball 2-1: Ball 3-1: SINGLE (Groundball, 6MD) | Pinch Hitting: RHB José Méndez | 0-0: Called Strike 0-1: Ball 1-1: Swinging Strike 1-2: Strikes out looking | Batting: RHB Spencer Pritchett | 0-0: Swinging Strike 0-1: SINGLE (Flyball, 7LS) José García to second | Batting: RHB David Adams | 0-0: Ball 1-0: Called Strike 1-1: Called Strike 1-2: Fly out, F7 (Line Drive, 78M) | Bottom of the 7th over - 0 runs, 2 hits, 0 errors, 2 left on base; Nantucket 1 - Nashua 2 | TOP OF THE 8TH |
---|
Nantucket Orcas batting - Pitching for Nashua Redlegs : RHP Mike Green | Now in LF: Dave Warren | | Batting: RHB Demetrio Inrouville | 0-0: Called Strike 0-1: Foul Ball, location: 2F 0-2: Ball 1-2: Foul Ball, location: 2F 1-2: Reached on error, E5 (Groundball, 56S) | Pitching: LHP Shannon Thomas | | Pinch Hitting: RHB Juan Gómez | 0-0: Called Strike 0-1: Ball 1-1: Swinging Strike 1-2: Ball 2-2: Strikes out swinging | Pinch Hitting: LHB Dennis King | 0-0: Ball 1-0: Foul Ball, location: 2F 1-1: Ball 2-1: Foul Ball, location: 2F 2-2: Ball 3-2: Base on Balls | Batting: RHB Ramiro Javier | 0-0: Ball 1-0: Called Strike 1-1: Ball 2-1: Called Strike 2-2: Foul Ball, location: 2F 2-2: Strikes out swinging | Batting: LHB Alfonso Vélez | 0-0: Ball 1-0: Called Strike 1-1: Ball 2-1: SINGLE (Flyball, 8RS) Demetrio Inrouville to third Dennis King to second Throwing error, E8 Demetrio Inrouville scores Dennis King to third Alfonso Vélez to second | Pinch Hitting: RHB Paul Bell | 0-0: Called Strike 0-1: Ball 1-1: Foul Ball, location: 2F 1-2: Ball 2-2: Foul Ball, location: 2F 2-2: Ball 3-2: Foul Ball, location: 2F 3-2: Base on Balls | Batting: RHB Scotty Hicks | 0-0: Ball 1-0: Called Strike 1-1: Fielders Choice at 2nd, 5-4 (Groundball, 56) | Top of the 8th over - 1 run, 1 hit, 2 errors, 3 left on base; Nantucket 2 - Nashua 2 | BOTTOM OF THE 8TH |
---|
Nashua Redlegs batting - Pitching for Nantucket Orcas : RHP Bo Wagner | Now at 1B: Juan Gómez | | Now at 2B: Paul Bell | | Now at SS: Armando Hernández | | Batting: RHB Bob Fitzgerald | 0-0: Called Strike 0-1: SINGLE (Groundball, 6MD) | Pinch Runner at 1st António López: | | Batting: RHB Katsuhito Ohayashi | 0-0: Called Strike 0-1: Ball 1-1: Ball 2-1: SINGLE (Line Drive, 8LS) António López to second Runner from 2nd tries for 3rd, SAFE, no throw | Pinch Hitting: RHB José Zumaya | 0-0: Called Strike 0-1: Foul Ball, location: 2F 0-2: Strikes out looking | Batting: LHB Derrek Robinson | 0-0: Ball 1-0: Ball 2-0: Ball 3-0: Called Strike 3-1: Base on Balls Katsuhito Ohayashi to second | Pinch Hitting: SHB José Vélez | 0-0: Ball 1-0: Foul Ball, location: 2F 1-1: Ball 2-1: Foul Ball, location: 2F 2-2: Strikes out looking | Batting: RHB José García | 0-0: Foul Ball, location: 2F 0-1: Ball 1-1: Ball 2-1: Ground out 4-3 (Groundball, 4) | Bottom of the 8th over - 0 runs, 2 hits, 0 errors, 3 left on base; Nantucket 2 - Nashua 2 | TOP OF THE 9TH |
---|
Nantucket Orcas batting - Pitching for Nashua Redlegs : LHP Shannon Thomas | Pitching: LHP Emory Contreras | | Now at 1B: José Zumaya | | Now at 2B: António López | | Now at 3B: José Vélez | | Pinch Hitting: LHB Howard White | 0-0: Ball 1-0: Swinging Strike 1-1: Foul Ball, location: 2F 1-2: Ball 2-2: Ball 3-2: Strikes out swinging | Batting: RHB Charlie Pérez | 0-0: Ball 1-0: Foul Ball, location: 2F 1-1: Ball 2-1: Called Strike 2-2: Ball 3-2: SINGLE (Line Drive, 9S) | Batting: RHB Demetrio Inrouville | 0-0: Ball 1-0: Ball 2-0: Ball 3-0: Base on Balls Charlie Pérez to second | Batting: RHB Juan Gómez | 0-0: Ball 1-0: Foul Ball, location: 2F 1-1: Fly out, F8 (Flyball, 8LM) | Batting: RHB Armando Hernández | 0-0: SINGLE (Groundball, 34D) Charlie Pérez to third Demetrio Inrouville to second Runner from 3rd tries for Home, SAFE, no throw | Batting: RHB Ramiro Javier | 0-0: Ball 1-0: Ground out 6-3 (Groundball, 4M) | Top of the 9th over - 1 run, 2 hits, 0 errors, 2 left on base; Nantucket 3 - Nashua 2 | BOTTOM OF THE 9TH |
---|
Nashua Redlegs batting - Pitching for Nantucket Orcas : RHP Bo Wagner | Now in LF: Howard White | | Batting: RHB Dave Warren | 0-0: Ground out 6-3 (Groundball, 56) | Batting: RHB Spencer Pritchett | 0-0: SINGLE (Line Drive, 89S) | Batting: RHB David Adams | 0-0: Called Strike 0-1: Foul Ball, location: 2F 0-2: Ball 1-2: Strikes out looking | Pinch Hitting: RHB Vaughan Price | 0-0: Ball 1-0: Foul Ball, location: 2F 1-1: Ball 2-1: Foul Ball, location: 2F 2-2: Ground out 2-3 (Groundball, 2R) | Bottom of the 9th over - 0 runs, 1 hit, 0 errors, 1 left on base; Nantucket 3 - Nashua 2 | |